 Dungeon Crawl Stone Soup version 0.27-a0-1149-g4505690ab0 (webtiles) character file.

Game seed: 14687251901284989476

2 scionoferis the Magician (level 1, -2/15 HPs)
             Began as a Djinni Hedge Wizard on May 14, 2021.
             Slain by a quokka (4 damage)
             ... on level 1 of the Dungeon.
             The game lasted 00:00:31 (154 turns).

scionoferis the Magician (Djinni Hedge Wizard)       Turns: 154, Time: 00:00:32

Health: -2/15      AC:  2    Str:  9    XL:     1   Next: 44%
Gold:   29         EV: 12    Int: 15    God:
                   SH:  0    Dex: 12

rFire    + + .     SeeInvis .   d - +2 mace (venom)
rCold    x . .     Faith    .   (no shield)
rNeg     . . .     Spirit   .   b - +0 robe
rPois    ∞         Reflect  .   c - +0 hat
rElec    .         Harm     .   (no cloak)
rCorr    .         Rampage  .   (no gloves)
Will     .....                  (boots unavailable)
Stlth    ++........             (no amulet)
HPRegen  0.05/turn              (no ring)
MPRegen  0.00/turn              (no ring)

@: flying
A: sickness immunity, fire resistance 2, cold vulnerability 1, float, innate
caster, hp casting, extra vitality 1
a: no special abilities


You were on level 1 of the Dungeon.
You visited 1 branch of the dungeon, and saw 1 of its levels.

You collected 29 gold pieces.

Inventory:

Hand Weapons
 a - a +0 dagger
 d - a +2 mace of venom (weapon)
Missiles
 e - 11 stones
Armour
 b - a +0 robe (worn)
 c - a +0 hat (worn)
Jewellery
 g - a +4 ring of protection
Potions
 f - a potion of lignification {unknown}
 h - a potion of heal wounds {unknown}


   Skills:
 + Level 2.2 Dodging
 + Level 1.6 Stealth
 * Level 2.5 Spellcasting


You couldn't memorise any spells.
You knew the following spells:

 Your Spells              Type           Power      Damage    Failure   Level
a - Magic Dart            Conj           36%        1d4       8%          1
b - Blink                 Tloc           N/A        N/A       12%         2
c - Call Imp              Summ           9%         N/A       12%         2
d - Slow                  Hex            9%         N/A       12%         2
e - Conjure Flame         Conj/Fire      9%         6-21      22%         3
f - Mephitic Cloud        Conj/Pois/Air  9%         N/A       22%         3
Your spell library was empty.

Dungeon Overview and Level Annotations

Branches:
Dungeon (1/15)

Altars:


Innate Abilities, Weirdness & Mutations

You are immune to sickness and miasma.
You are immune to poison.
Your flesh is very heat resistant. (rF++)
You are vulnerable to cold. (rC-)
You float through the air rather than walking.
You learn spells naturally, not from books.
Your magical power is your life essence.
You have superior vitality. (+4 HP)


Message History

The helpless endoplasm fails to defend itself.
You hit the endoplasm.
You kill the endoplasm!
You see here 11 stones.
e - 11 stones
f - a golden potion You see here a rat corpse.
Found a stone staircase leading down.
You now have 29 gold pieces (gained 10).
g - a +4 ring of protection
h - a lumpy orange potion
There is a stone staircase leading down here.
A quokka comes into view.
A rat comes into view.
Found a scroll labelled HANTAF COADO.
You closely miss the quokka. The quokka closely misses you.
The quokka bites you.
You closely miss the quokka. The quokka barely misses you.
The rat barely misses you.
You miss the quokka. The quokka closely misses you. The rat bites you.
The quokka bites you.
You hit the rat.
You kill the rat!
You closely miss the quokka.
The quokka bites you but does no damage.
The quokka barely misses you.
You closely miss the quokka. The quokka bites you.
The quokka barely misses you.
You hit the quokka.
The quokka is poisoned.
The quokka is severely wounded.
The quokka bites you.
You miss the quokka.
The quokka is severely wounded.
The quokka completely misses you. The quokka bites you.
* * * LOW HITPOINT WARNING * * *
The quokka closely misses you.
You barely miss the quokka.
The quokka is severely wounded.
The quokka bites you.
You die...

#.#.#.# ....# #.#.#.#
####...# .#.#.#.#
#.....###.##
#.#.#.#.#####.#.........
##.#.#.#.##......#####.##
##..#.#.#.#....##†#
#...#.#.#.#.......#
#...#.#...#....r.##
#...#.#####...@..#
#.....#.........######.#
##.....#................#
#...†.............#######
#....[..#.......###
#................#
##.....#.........#
##...##.........#
######......>..#


You could see a quokka (very poisoned).

Vanquished Creatures
  An endoplasm (D:1)
  2 rats (D:1)
3 creatures vanquished.

Notes
Turn   | Place    | Note
-------+----------+-------------------------------------------
     0 | D:1      | scionoferis the Djinni Hedge Wizard began the quest for the
                  | Orb.
     0 | D:1      | Reached XP level 1. HP: 15/15 MP: 0/0
   154 | D:1      | Slain by a quokka

Illustrated notes

Levels and vault maps discovered:
D:1:      wheals_arrival_linesprint, layout_rooms

Action                   || total
-------------------------++-------
Melee: Mace              ||    11
 Stab: Sleeping          ||     1
Armor: Robe              ||     1
Dodge: Dodged            ||     9

Table legend: (Time is in decaauts)
 A = Elapsed time spent in this place.
 B = Non-inter-level travel time spent in this place.
 C = Inter-level travel time spent in this place.
 D = Time resting spent in this place.
 E = Time spent auto-exploring this place.
 F = Levels seen in this place.
 G = Mean time per level.
                   A        B        C        D        E       F      G
               +--------+--------+--------+--------+--------+-----+--------+
         Total |    157 |    157 |      0 |      0 |    112 |   1 |  157.0 |
       Dungeon |    157 |    157 |      0 |      0 |    112 |   1 |  157.0 |
               +--------+--------+--------+--------+--------+-----+--------+

Top non-repeatable levels by time:
     D:1: 157 daAuts
